 Dungeon Crawl Stone Soup version 0.27.1-33-g824d729ab1 (webtiles) character file.

Game seed: 7073218496219762939

71 lonewolfV2 the Covered (level 4, -3/42 HPs)
             Began as a Deep Dwarf Fighter on Dec 15, 2021.
             Slain by a gnoll (7 damage)
             ... on level 2 of the Dungeon.
             The game lasted 00:02:28 (652 turns).

lonewolfV2 the Covered (Deep Dwarf Fighter)          Turns: 652, Time: 00:02:29

Health: -3/42      AC:  7    Str: 19    XL:     4   Next: 5%
Magic:  4/4        EV:  7    Int:  9    God:
Gold:   93         SH:  9    Dex: 13    Spells: 3/3 levels left

rFire    . . .     SeeInvis .   a - +0 long sword
rCold    . . .     Faith    .   c - +0 kite shield
rNeg     . . .     Spirit   .   b - +0 scale mail
rPois    .         Reflect  .   (no helmet)
rElec    .         Harm     .   (no cloak)
rCorr    .         Rampage  .   (no gloves)
Will     .....                  (no boots)
Stlth    ..........             (no amulet)
HPRegen  0.00/turn              (no ring)
MPRegen  0.09/turn              (no ring)

@: no status effects
A: damage resistance, heal wounds, sense surroundings 1, no regeneration
a: Heal Wounds


You were on level 2 of the Dungeon.
You visited 1 branch of the dungeon, and saw 2 of its levels.

You collected 93 gold pieces.

Inventory:

Hand Weapons
 a - a +0 long sword (weapon)
Armour
 b - a +0 scale mail (worn)
 c - a +0 kite shield (worn)
Scrolls
 e - a scroll of identify {unknown}
 h - 2 scrolls of enchant weapon {unknown}
Potions
 d - a potion of might
 f - a potion of heal wounds {unknown}
 g - a potion of degeneration {unknown}


   Skills:
 + Level 3.1 Fighting
 + Level 2.5 Long Blades
 + Level 3.9 Armour
 + Level 1.0 Dodging
 + Level 0.5 Stealth
 + Level 3.8 Shields


You had 3 spell levels left.
You didn't know any spells.
Your spell library was empty.

Dungeon Overview and Level Annotations

Branches:
Dungeon (2/15)

Altars:

Shops:
D:1 :


Innate Abilities, Weirdness & Mutations

You are resistant to damage.
You can heal yourself by infusing magical energy.
You passively map a small area around you.
You do not regenerate.


Message History

The dart slug is almost dead.
The dart slug bites you but does no damage.
You hit the dart slug.
The dart slug is almost dead.
The dart slug bites you but does no damage.
You slash the dart slug!
You kill the dart slug!
You see here a dart slug corpse.
A gnoll comes into view. It is wielding a +0 halberd.
The gnoll shouts!
A gnoll comes into view. It is wielding a +0 club.
The gnoll shouts!
You hear a shout!
A gnoll comes into view. It is wielding a +0 club.
The gnoll closely misses you. The gnoll closely misses you.
A gnoll comes into view. It is wielding a +0 spear.
The gnoll shouts!
The gnoll barely misses you. You block the gnoll's attack.
You slash the gnoll!
The gnoll is heavily wounded.
The gnoll barely misses you. You block the gnoll's attack.
You barely miss the gnoll.
The gnoll is heavily wounded.
You block the gnoll's attack. The gnoll hits you with a +0 halberd!
The gnoll barely misses you.
You hit the gnoll.
The gnoll is severely wounded.
The gnoll barely misses you. The gnoll hits you with a +0 halberd.
The gnoll hits you but does no damage. You block the gnoll's attack.
The gnoll barely misses you.
You fail to use your ability.
You block the gnoll's attack.
The gnoll hits you from afar with a +0 spear.
* * * LOW HITPOINT WARNING * * *
The gnoll hits you with a +0 club.
* * * LOW HITPOINT WARNING * * *
The gnoll hits you with a +0 halberd.
* * * LOW HITPOINT WARNING * * *
You fail to use your ability.
The gnoll completely misses you.
The gnoll hits you from afar with a +0 spear!
You die...

########....# *
## #....# ....
#....########....
,
#...†............
#................
#...............#
#...............#
#........gg.....#
###......@gg....+
, ,
#....?........#
#...........###
#####..####.# * *
.... , .# , , ,*
,...... , . ,
....... * ,
*......... , ,, ,
,


You could see 4 gnolls.

Vanquished Creatures
  Terence (D:2)
  An adder (D:2)
  A worm (D:2)
  2 dart slugs (D:2)
  3 ball pythons (D:1)
  7 bats (D:1)
  3 endoplasms (D:1)
  A giant cockroach (D:1)
  A hobgoblin (D:2)
  3 kobolds (D:1)
  2 quokkas (D:1)
  2 frilled lizards (D:1)
  2 goblins (D:1)
  3 rats
32 creatures vanquished.

Notes
Turn   | Place    | Note
-------+----------+-------------------------------------------
     0 | D:1      | lonewolfV2 the Deep Dwarf Fighter began the quest for the
                  | Orb.
     0 | D:1      | Reached XP level 1. HP: 20/20 MP: 1/1
    67 | D:1      | Reached XP level 2. HP: 18/28 MP: 2/2
   128 | D:1      | Found Sidev's Book Boutique.
   519 | D:2      | Reached XP level 3. HP: 30/34 MP: 3/3
   601 | D:2      | Noticed Terence
   613 | D:2      | Killed Terence
   614 | D:2      | Reached skill level 1 in Dodging
   614 | D:2      | Reached XP level 4. HP: 21/42 MP: 4/4
   652 | D:2      | Slain by a gnoll

Illustrated notes

Levels and vault maps discovered:
D:1:      dpeg_arrival_shelter, layout_rooms, serial_shops, shop_coins
D:2:      layout_basic, uniq_terence, uniq_jessica

Skill      XL: |  1  2  3 |
---------------+----------+-----
Fighting       | 3 |  3.1
Dodging        | 1 |  1.0
Long Blades    | |  2.5
Armour         | |  3.9
Stealth        | |  0.5
Shields        | |  3.8

Action                   |  1- 3 |  4- 6 || total
-------------------------+-------+-------++-------
Melee: Long sword        |   101 |    10 ||   111
 Abil: Heal Wounds       |     1 |       ||     1
  Use: Scroll            |     1 |       ||     1
Armor: Scale mail        |    72 |     6 ||    78
Dodge: Dodged            |    32 |     9 ||    41
Block: Kite shield       |    65 |     6 ||    71
       Rpst.: Long sword |    11 |       ||    11
